 Dungeon Crawl Stone Soup version 0.31-a0-369-g8eba5f6939 (webtiles) character file.

Game seed: 3142004479768009722

26 EonArisen the Poker (level 3, 0/28 HPs)
             Began as a Merfolk Gladiator on July 28, 2023.
             Succumbed to an adder's poison
             ... on level 2 of the Dungeon.
             The game lasted 00:03:10 (377 turns).

EonArisen the Poker (Merfolk Gladiator)              Turns: 377, Time: 00:03:11

Health: 0/28       AC:  5    Str: 16    XL:     3   Next: 8%
Magic:  2/4        EV: 13    Int:  7    God:
Gold:   38         SH:  0    Dex: 15    Spells: 3/3 levels left

rFire   . . .        a - +0 trident
rCold   . . .        (no shield)
rNeg    + . .        b - +1 leather armour
rPois   .            c - +0 helmet
rElec   .            (no cloak)
rCorr   .            (no gloves)
SInv    .            (no boots)
Will    .....        (no amulet)
Stlth   +            i - ring of positive energy
HPRegen 0.24/turn    (no ring)
MPRegen 0.09/turn

%: no passive effects
@: lethally poisoned (0 -> -4), weak-willed
A: (nimble swimmer 2), mertail
a: no special abilities


You were on level 2 of the Dungeon.
You visited 1 branch of the dungeon, and saw 2 of its levels.

You collected 38 gold pieces.

Inventory:

Hand Weapons
 a - a +0 trident (weapon)
Missiles
 d - 3 throwing nets (quivered)
 e - a javelin
 g - 12 stones
Armour
 b - a +1 leather armour (worn)
 c - a +0 helmet (worn)
Jewellery
 i - a ring of positive energy (left hand)


   Skills:
 + Level 2.3 Fighting
 + Level 4.6 Polearms
 + Level 2.0 Throwing
 + Level 0.1 Armour
 + Level 4.5 Dodging
 * Level 0.7 Spellcasting


You had 3 spell levels left.
You didn't know any spells.
Your spell library contained the following spells:

 Spells                   Type           Power      Damage    Failure   Level
 Sting                    Tmut/Pois      0%         1d3       47%         1
 Poisonous Vapours        Pois/Air       0%         N/A       63%         2
 Olgreb's Toxic Radiance  Pois           0%         N/A       99%         4


Dungeon Overview and Level Annotations

Branches:
Dungeon (2/15)

Altars:


Innate Abilities, Weirdness & Mutations

((You are very nimble when in or above water. (Stealth+, EV+, Speed+++)))
Your lower body shifts to a powerful aquatic tail in water.


Message History

You barely miss the adder.
The adder is severely wounded.
The adder closely misses you. The goblin closely misses you.
The adder barely misses you.
You miss the adder.
The adder is severely wounded.
The goblin hits you with a +0 club. The adder closely misses you.
You miss the adder.
The adder is severely wounded.
The adder barely misses you. The goblin hits you with a +0 club.
You barely miss the adder.
The adder is severely wounded.
The adder bites you but does no damage. The goblin barely misses you.
The adder bites you but does no damage.
You barely miss the adder.
The adder is severely wounded.
The adder bites you.
You are poisoned.
The adder poisons you! The goblin closely misses you.
You miss the adder.
The adder is severely wounded.
You feel sick. The adder closely misses you. The goblin misses you.
The adder misses you.
You hit the adder but do no damage.
The adder is severely wounded.
You feel sick. The goblin closely misses you. The adder bites you.
* * * LOW HITPOINT WARNING * * *
You are more poisoned.
The adder poisons you!
You hit the adder.
You kill the adder!
* * * LOW HITPOINT WARNING * * *
You feel sick. The goblin misses you.
You have reached level 3!
Your experience leads to an increase in your attributes!
Increase (S)trength, (I)ntelligence, or (D)exterity?
You feel stronger. x2
* * * LOW HITPOINT WARNING * * *
You feel sick.
You die...

### .. .... #..
.##.... #.#
....... ##.#
.......
####..##.......
...>...........
#.####...#.....$.
#.....@.g....#
######.......#
#.......#
#.......#
#.......#
####.......#
#..........#
#.....#.######
#.......##...#


You could see a goblin.

Vanquished Creatures
  An adder (D:2)
  An endoplasm (D:2)
  A giant cockroach (D:2)
  3 goblins
  2 hobgoblins (D:2)
  2 kobolds (D:2)
  A quokka (D:2)
  3 bats (D:1)
  A rat (D:1)
15 creatures vanquished.

Notes
Turn   | Place    | Note
-------+----------+-------------------------------------------
     0 | D:1      | EonArisen the Merfolk Gladiator began the quest for the
                  | Orb.
     0 | D:1      | Reached XP level 1. HP: 16/16 MP: 1/1
   198 | D:2      | Reached XP level 2. HP: 9/22 MP: 2/2
   375 | D:2      | HP: 1/22 [poisoned by an adder]
   376 | D:2      | Reached XP level 3. HP: 1/28 MP: 2/4
   377 | D:2      | Succumbed to an adder's poison

Illustrated notes

Levels and vault maps discovered:
D:1:      mrwooster_arrival_statue, layout_basic
D:2:      layout_basic

Action                     || total
---------------------------++-------
  Melee: Trident           ||    74
    Use: Scroll            ||     3
 Armour: Leather armour    ||    29
  Dodge: Dodged            ||    73

Table legend: (Time is in decaauts)
 A = Elapsed time spent in this place.
 B = Non-inter-level travel time spent in this place.
 C = Inter-level travel time spent in this place.
 D = Time resting spent in this place.
 E = Time spent auto-exploring this place.
 F = Levels seen in this place.
 G = Mean time per level.
                   A        B        C        D        E       F      G
               +--------+--------+--------+--------+--------+-----+--------+
         Total |    382 |    360 |     22 |     63 |      0 |   2 |  191.0 |
       Dungeon |    382 |    360 |     22 |     63 |      0 |   2 |  191.0 |
               +--------+--------+--------+--------+--------+-----+--------+

Top non-repeatable levels by time:
     D:2: 198 daAuts
     D:1: 184 daAuts
